 Dungeon Crawl Stone Soup version 0.29.0-4-gdea44cf6ec (webtiles) character file.

Game seed: 3614858571762452254

270 qw the Chopper (level 6, -7/35 HPs)
             Began as a Tengu Warper on Aug 28, 2022.
             Mangled by a hornet (13 damage)
             ... on level 5 of the Dungeon.
             The game lasted 00:00:18 (3264 turns).

qw the Chopper (Tengu Warper)                       Turns: 3264, Time: 00:00:18

Health: -7/35      AC:  8    Str: 13    XL:     6   Next: 22%
Magic:  10/10      EV:  7    Int: 13    God:
Gold:   70         SH:  0    Dex: 14    Spells: 9/9 levels left

rFire   . . .      SeeInvis .   Y - +0 war axe
rCold   . . .      Faith    .   (no shield)
rNeg    . . .      Spirit   .   f - +0 chain mail
rPois   .          Reflect  .   (helmet restricted)
rElec   .          Harm     .   (no cloak)
rCorr   .          Rampage  .   (no gloves)
Will    .....                   (boots unavailable)
Stlth   ..........              (no amulet)
HPRegen 0.11/turn               (no ring)
MPRegen 0.12/turn               (no ring)

@: flying quickly and evasively, slowed, very slow
A: beak, talons 3, nimble flight
a: no special abilities


You were on level 5 of the Dungeon.
You visited 1 branch of the dungeon, and saw 5 of its levels.

You collected 70 gold pieces.


Innate Abilities, Weirdness & Mutations

You have a beak for a mouth.
You have claws for feet.
Your magical nature lets you fly swiftly and evasively.


   Skills:
 - Level 2.0 Fighting
 - Level 7.0 Axes
 - Level 1.0 Throwing
 + Level 1.1 Armour
 - Level 2.1 Dodging
 - Level 2.0 Spellcasting
 - Level 2.4 Translocations


You had 9 spell levels left.
You didn't know any spells.
Your spell library contained the following spells:

 Spells                   Type           Power      Damage    Failure   Level
 Blink                    Tloc           14%        N/A       99%         2
 Gell's Gravitas          Tloc           7%         N/A       100%        3
 Lesser Beckoning         Tloc           7%         N/A       100%        3
 Teleport Other           Tloc           7%         N/A       100%        3
 Manifold Assault         Tloc           7%         N/A       100%        5

Inventory:

Hand Weapons
 e - a +0 flail
 Y - a +0 war axe (weapon)
Armour
 f - a +0 chain mail (worn)
Scrolls
 c - 3 scrolls of teleportation
Potions
 b - a potion of curing

Dungeon Overview and Level Annotations

Branches:
Dungeon (6/15)
 Temple: D:4-7

Altars:
Elyvilon
Trog

Shops:
D:3 *


Message History

You start resting.
You feel sick. x8
You are no longer poisoned.
HP restored.
Found a stone staircase leading up.
3213 ||| UPGRADING to +0 chain mail.
You start removing your armour.
You continue taking off your +0 ring mail. x4
You finish taking off your +0 ring mail.
You start putting on your armour.
You continue putting on your +0 chain mail. x5
You finish putting on your +0 chain mail.
3223 ||| DROPPING +0 ring mail.
You drop a +0 ring mail.
3224 ||| READING scroll labelled TOF PEPNUUPPA.
As you read the scroll labelled TOF PEPNUUPPA, it crumbles to dust.
Your body is wracked with pain!
It was a scroll of torment.
You start resting.
A hound comes into view.
3253 ||| FLEEEEING.
There is a stone staircase leading up here.
3259 ||| STAIRDANCE You fly upwards.
The hornet buzzes angrily.
Found a triangular lapis lazuli amulet.
Found an escape hatch in the floor.
There is a stone staircase leading down here.
Existing waypoints: (1) D:6 (2) D:3 Assign waypoint to what number? (0-9, D - delete waypoint) Waypoint 2 re-assigned from D:3 to D:5.
The hornet stings you.
You feel yourself slow down.
You miss the hornet. The hornet closely misses you. The hornet stings you!
You feel as though you will be slow longer.
You barely miss the hornet. Your kick misses the hornet.
Your peck misses the hornet. The hornet barely misses you.
The hornet stings you!
You feel as though you will be slow longer.
An ice beast comes into view.
The hornet stings you!
You die...

.##.###########
......y@......"
.Y#.###.#######
#.# #># .#. . .
# . ..


You could see a hornet and an ice beast (wandering).

Vanquished Creatures
  2 scorpions
  Terence (D:3)
  3 gnolls (D:3)
  4 adders (D:2)
  2 dart slugs (D:2)
  An orc (D:3)
  5 endoplasms
  3 giant cockroaches
  5 hobgoblins
  6 jackals (D:1)
  3 quokkas
  5 ball pythons
  4 bats
  4 frilled lizards
  A goblin (D:2)
  10 kobolds
  6 rats
65 creatures vanquished.

Vanquished Creatures (others)
  3 fungi (D:2)
  13 plants (D:2)
16 creatures vanquished.

Grand Total: 81 creatures vanquished

Notes
Turn   | Place    | Note
-------+----------+-------------------------------------------
     0 | D:1      | qw the Tengu Warper began the quest for the Orb.
     0 | D:1      | Reached XP level 1. HP: 12/12 MP: 4/4
     0 | D:1      | 0 ||| qw: Version: 0.1-a-89-g26bdef1
     0 | D:1      | 0 ||| qw: Game counter: 1328
     0 | D:1      | 0 ||| qw: Always use a shield: true
     0 | D:1      | 0 ||| qw: God list: Okawaru
     0 | D:1      | 0 ||| qw: Allow faded altars: false
     0 | D:1      | 0 ||| qw: Do Orc after D:15 true
     0 | D:1      | 0 ||| qw: Do second Lair branch before Depths: true
     0 | D:1      | 0 ||| qw: Lair rune preference: random
     0 | D:1      | 0 ||| qw: Plans: Normal
     0 | D:1      | 0 ||| PLANNING D:1-11
    75 | D:1      | 75 ||| Stepping ~*~*~tactically~*~*~ (stealth).
   246 | D:1      | Reached XP level 2. HP: 11/17 MP: 6/6
   368 | D:1      | Reached skill level 3 in Axes
   472 | D:1      | 472 ||| Stepping ~*~*~tactically~*~*~ (stealth).
   473 | D:1      | 473 ||| Stepping ~*~*~tactically~*~*~ (stealth).
   474 | D:1      | 474 ||| Stepping ~*~*~tactically~*~*~ (stealth).
   476 | D:1      | 476 ||| Stepping ~*~*~tactically~*~*~ (stealth).
  1011 | D:1      | 1011 ||| DROPPING +0 club.
  1022 | D:1      | Reached XP level 3. HP: 21/21 MP: 7/7
  1022 | D:1      | 1022 ||| Stepping ~*~*~tactically~*~*~ (stealth).
  1161 | D:1      | 1161 ||| UPGRADING to +0 ring mail.
  1171 | D:1      | 1171 ||| DROPPING +0 leather armour.
  1172 | D:1      | 1172 ||| DROPPING amulet of faith.
  1173 | D:1      | 1173 ||| READING scroll labelled ZUERUI KOSHE.
  1177 | D:1      | 1177 ||| READING scroll labelled FAIHAC RUAHI.
  1178 | D:1      | 1178 ||| READING scroll labelled IKYNKA OSELIE.
  1179 | D:1      | 1179 ||| READING scroll labelled JAKKAP SOQOQI.
  1180 | D:1      | 1180 ||| READING scroll labelled USYFEWK ATRU.
  1181 | D:1      | 1181 ||| READING scroll labelled MEOLIT WESOMP.
  1182 | D:1      | 1182 ||| READING scroll labelled YSOICK ZISAU.
  1183 | D:1      | 1183 ||| DROPPING scroll of blinking.
  1271 | D:2      | 1271 ||| Stepping ~*~*~tactically~*~*~ (stealth).
  1273 | D:2      | 1273 ||| Stepping ~*~*~tactically~*~*~ (stealth).
  1284 | D:2      | Reached skill level 4 in Axes
  1408 | D:2      | Reached XP level 4. HP: 19/26 MP: 8/8
  1643 | D:2      | 1643 ||| Stepping ~*~*~tactically~*~*~ (stealth).
  1714 | D:2      | 1714 ||| SWAPPING to +0 war axe.
  1716 | D:2      | 1716 ||| DROPPING +0 hand axe.
  1725 | D:2      | 1725 ||| FLEEEEING.
  1726 | D:2      | 1726 ||| FLEEEEING.
  1741 | D:2      | 1741 ||| FLEEEEING.
  1742 | D:2      | 1742 ||| FLEEEEING.
  1743 | D:2      | 1743 ||| FLEEEEING.
  1831 | D:2      | 1831 ||| Stepping ~*~*~tactically~*~*~ (stealth).
  1947 | D:2      | 1947 ||| Stepping ~*~*~tactically~*~*~ (stealth).
  1952 | D:2      | Reached skill level 5 in Axes
  1970 | D:2      | 1970 ||| Stepping ~*~*~tactically~*~*~ (stealth).
  1986 | D:2      | 1986 ||| Stepping ~*~*~tactically~*~*~ (stealth).
  2082 | D:2      | Found a faded altar of an unknown god.
  2094 | D:2      | 2094 ||| Stepping ~*~*~tactically~*~*~ (stealth).
  2132 | D:2      | 2132 ||| Stepping ~*~*~tactically~*~*~ (hiding).
  2284 | D:3      | Found Uxeridet's Assorted Antiques.
  2294 | D:3      | 2294 ||| SHOPLISTING glowing scarf (232 gold, have 52).
  2294 | D:3      | 2294 ||| SHOPLISTING runed broad axe (203 gold, have 52).
  2294 | D:3      | 2294 ||| SHOPLISTING scroll of enchant armour (217 gold,
                  | have 52).
  2297 | D:3      | Noticed a scorpion
  2304 | D:3      | Killed a scorpion
  2305 | D:3      | Gained mutation: Your magical nature lets you fly swiftly
                  | and evasively. [Tengu growth]
  2305 | D:3      | Reached XP level 5. HP: 16/30 MP: 9/9
  2379 | D:3      | 2379 ||| Stepping ~*~*~tactically~*~*~ (stealth).
  2459 | D:3      | Found a white marble altar of Elyvilon.
  2472 | D:3      | 2472 ||| Stepping ~*~*~tactically~*~*~ (hiding).
  2474 | D:3      | Reached skill level 6 in Axes
  2585 | D:3      | 2585 ||| DROPPING +0 whip.
  2626 | D:3      | 2626 ||| Stepping ~*~*~tactically~*~*~ (stealth).
  2627 | D:3      | 2627 ||| Stepping ~*~*~tactically~*~*~ (stealth).
  2646 | D:3      | Found a bloodstained altar of Trog.
  2700 | D:3      | Noticed Terence
  2701 | D:3      | 2701 ||| Stepping ~*~*~tactically~*~*~ (stealth).
  2702 | D:3      | 2702 ||| Stepping ~*~*~tactically~*~*~ (stealth).
  2717 | D:3      | Killed Terence
  2869 | D:3      | You are sucked into a shaft and drop 3 floors!
  2893 | D:6      | Reached skill level 7 in Axes
  2893 | D:6      | Reached XP level 6. HP: 10/35 MP: 10/10
  2893 | D:6      | HP: 8/35 [poisoned by a scorpion]
  2898 | D:6      | HP: 3/35 [poisoned by a scorpion]
  3213 | D:6      | 3213 ||| UPGRADING to +0 chain mail.
  3223 | D:6      | 3223 ||| DROPPING +0 ring mail.
  3224 | D:6      | 3224 ||| READING scroll labelled TOF PEPNUUPPA.
  3253 | D:6      | 3253 ||| FLEEEEING.
  3254 | D:6      | Noticed a +0 falchion
  3254 | D:6      | Noticed a +0 dagger
  3255 | D:6      | Noticed a +0 dagger
  3259 | D:6      | 3259 ||| STAIRDANCE
  3260 | D:5      | Entered Level 5 of the Dungeon
  3260 | D:5      | Noticed a hornet
  3264 | D:5      | HP: 6/35 [hornet (7)]
  3264 | D:5      | Noticed an ice beast
  3264 | D:5      | Mangled by a hornet

Levels and vault maps discovered:
D:1:      dpeg_arrival_chambers_temple_mockup, layout_rooms,
          grunt_decor_arrowhead, minmay_pentomino_z2
D:2:      layout_basic, shapermc_ecumenical_altar_mp_urbaneastern,
          lexackson_kobold_supper
D:3:      layout_rooms, trog_three_pillars_becter, old_standard_altar,
          serial_shops, nicolae_shop_overgrown_old_shop, uniq_terence
D:5:      layout_basic, old_standard_altar, nicolae_wu_jian_wuxing_cycle,
          mainiacjoe_overflow_chevrons, ebering_ghost_sewer_f,
          dk_noncrumbling_3, nicolae_take_the_stairs, hangedman_decor_riveting,
          uniq_duvessa
D:6:      layout_layer_cave, nicolae_dithmenos_through_a_glass_darkly,
          nicolae_uskayaw_en_pointe, serial_shops, nicolae_diamond_shop

Skill      XL: |  1  2  3  4  5 |
---------------+----------------+-----
Axes           | 3 4 5 7 |  7.0
Fighting       | |  2.0
Throwing       | |  1.0
Armour         | |  1.1
Dodging        | |  2.1
Spellcasting   | |  2.0
Translocations | |  2.4

Action                   |  1- 3 |  4- 6 || total
-------------------------+-------+-------++-------
Melee: Hand axe          |    82 |    12 ||    94
       Peck              |    13 |     9 ||    22
       Kick              |    10 |    22 ||    32
       War axe           |       |    81 ||    81
       Punch             |       |     1 ||     1
Throw: Boomerang         |     7 |       ||     7
  Use: Scroll            |     7 |     1 ||     8
 Stab: Distracted        |     1 |       ||     1
Armor: Leather armour    |    15 |       ||    15
       Ring mail         |    11 |    31 ||    42
Dodge: Dodged            |    61 |    34 ||    95

Table legend:
 A = Non-vault XP
 B = Vault XP
 C = Vault XP percentage of total XP
 D = Non-vault monster count
 E = Vault monster count
 F = Vault count percentage of total count
                 A         B        C        D         E       F
            +---------+---------+-------+---------+---------+-------
      Total |     337 |      49 |  12.7 |      54 |      11 |  16.9
            +---------+---------+-------+---------+---------+-------
        D:1 |      39 |       2 |   4.9 |      24 |       2 |   7.7
        D:2 |      80 |      11 |  12.1 |      17 |       8 |  32.0
        D:3 |     138 |      36 |  20.7 |      12 |       1 |   7.7
        D:6 |      80 |       0 |   0.0 |       1 |       0 |   0.0
            +---------+---------+-------+---------+---------+-------
